 Dungeon Crawl Stone Soup version 0.27.1 (webtiles) character file.

Game seed: 16205814799294530647

6902 Malachi the Tainter (level 10, -5/74 (81) HPs)
             Began as a Troll Venom Mage on Aug 20, 2021.
             Was a Priest of Vehumet.
             Slain by a vampire (11 damage)
             ... on level 7 of the Dungeon.
             The game lasted 00:20:37 (6440 turns).

Malachi the Tainter (Troll Venom Mage)              Turns: 6440, Time: 00:20:37

HP:   -5/74 (81)    AC:  8    Str: 18    XL:     10   Next: 79%
MP:   5/16          EV: 13    Int: 14    God:    Vehumet [***...]
Gold: 402           SH:  0    Dex: 10    Spells: 3/19 levels left

rFire    . . .     SeeInvis .     - Unarmed
rCold    . . .     Faith    .   (no shield)
rNeg     . . .     Spirit   .   p - +0 troll leather armour {Purgy}
rPois    .         Reflect  .   w - +2 hat
rElec    .         Harm     .   (no cloak)
rCorr    .         Rampage  .   (gloves unavailable)
Will     .....                  (boots unavailable)
Stlth    +.........             (no amulet)
HPRegen  2.22/turn              i - ring of wizardry
MPRegen  0.15/turn              s - +4 ring of evasion

@: confused, drained
A: large, unfitting armour, claws 3, regeneration 1, shaggy fur 1, tough skin 1
a: Renounce Religion


You were on level 7 of the Dungeon.
You worshipped Vehumet.
Vehumet was most pleased with you.
You visited 2 branches of the dungeon, and saw 9 of its levels.

You collected 402 gold pieces.

Inventory:

Hand Weapons
 f - a +3 dagger of electrocution
Armour
 p - a +0 troll leather armour (worn) {Purgy}
 w - a +2 hat (worn)
Magical Staves
 c - a staff of poison
 k - a staff of earth
Jewellery
 i - a ring of wizardry (left claw)
 s - a +4 ring of evasion (right claw)
Wands
 q - a wand of flame (18)
Scrolls
 d - 2 scrolls of identify
 g - 2 scrolls of vulnerability
 n - a scroll of enchant armour {unknown}
 r - 2 scrolls of blinking
 t - 3 scrolls of teleportation {unknown}
Potions
 b - 2 potions of degeneration {unknown}
 e - 2 potions of heal wounds
 h - 2 potions of magic {unknown}
 j - 2 potions of resistance {unknown}
 l - 3 potions of curing {unknown}
 m - 2 potions of berserk rage {unknown}
 v - a potion of mutation {unknown}


   Skills:
 - Level 1.5 Dodging
 - Level 1.0 Stealth
 + Level 8.2 Unarmed Combat
 - Level 5.0 Spellcasting
 * Level 3.0 Conjurations
 - Level 0.6 Transmutations
 * Level 2.7 Air Magic
 - Level 10.0 Poison Magic


You had 3 spell levels left.
You knew the following spells:

 Your Spells              Type           Power      Damage    Failure   Level
a - Sting                 Tmut/Pois      72%        1d6       1%          1
b - Olgreb's Toxic Radia  Pois           31%        N/A       1%          4
c - Mephitic Cloud        Conj/Pois/Air  18%        N/A       1%          3
d - Freezing Cloud        Conj/Ice/Air   4%         6-21      26%         5
e - Ignite Poison         Fire/Tmut/Pois 13%        N/A       1%          3

Your spell library contained the following spells:

 Spells                   Type           Power      Damage    Failure   Level
 Shock                    Conj/Air       44%        1d5       1%          1
 Poisonous Vapours        Pois/Air       42%        N/A       1%          2
 Corpse Rot               Necr/Air       N/A        N/A       8%          2
 Summon Small Mammal      Summ           12%        N/A       9%          1
 Swiftness                Air            11%        N/A       9%          3
 Call Canine Familiar     Summ           3%         N/A       24%         3
 Summon Guardian Golem    Hex/Summ       3%         N/A       24%         3
 Airstrike                Air            5%         N/A       8%          4
 Animate Dead             Necr           1%         N/A       58%         4
 Haunt                    Necr/Summ      1%         N/A       100%        7
 Infestation              Necr           1%         N/A       100%        8


Dungeon Overview and Level Annotations

Branches:
Dungeon (8/15)             Temple (1/1) D:4
   Lair: D:8-11

Altars:
Cheibriados
Dithmenos
Elyvilon
Fedhas
Gozag
Hepliaklqana
Kikubaaqudgha
Makhleb
Nemelex Xobeh
Okawaru
Ru
Sif Muna
Trog
Uskayaw
Vehumet
Wu Jian
Xom
Yredelemnul
Zin
The Shining One

Shops:
D:3 =

Annotations:
D:4 3 runed translucent doors, Quickbrownfox's ghost, amateur DsIE


Innate Abilities, Weirdness & Mutations

You are too large for most types of armour.
You have claws for hands.
Your natural rate of healing is unusually fast.
You are covered in fur. (AC +1)
You have tough skin. (AC +1)


Message History

A vampire appears from thin air!
Reactivating autopickup.
The vampire casts a spell at you. You resist with some effort.
The cyclops is engulfed in freezing vapours.
The vampire gestures at you while chanting.
You are confused.
You bump into the stone wall.
The vampire casts a spell at you.
You are more confused.
The vampire mumbles some strange words.
The vampire flickers and vanishes!
Deactivating autopickup; reactivate with Ctrl-A.
You bump into the rock wall.
You bump into the rock wall.
Something draws life force from you!
You bump into the rock wall.
Something hits you!
You feel drained. Something bites you!
Something draws strength from your injuries!
You bump into the rock wall.
The acid dragon spits acid at you.
The splash of acid hits something.
The acid corrodes something!
Something hits you.
You feel drained. Something bites you but does no damage.
You bump into the rock wall.
Something completely misses you. Something bites you!
Something draws strength from your injuries!
Something hits you!
* * * LOW HITPOINT WARNING * * *
You feel drained.
* * * LOW HITPOINT WARNING * * *
Something bites you!
* * * LOW HITPOINT WARNING * * *
Something draws strength from your injuries!
The acid dragon bites you.
* * * LOW HITPOINT WARNING * * *
The acid dragon barely misses you.
You closely miss the acid dragon.
The acid dragon is heavily wounded.
Something hits you!
You die...

#.....##....#.#
#.†#....##...#.#
#.C.#.....##..#.#
#....#......#..#.#
#....#....#.#....#
'.##......#.'.#..#
#.##...#.##.#.#..#
#....#.#....#.#(.#
#..##.##..##.#.@#
###..#....##..CD>#
.###.....##....###
#.####'###....##
.#.#.....#...##
.#.#.....#.###
.#.'.....#.#
.#.#.....#.#
.#.#.....#.#


You could see a cyclops and an acid dragon.

Vanquished Creatures
  A boulder beetle (D:7)
  A hydra (D:7)
  Pikel (D:6)
  2 ugly things (D:7)
  A kobold demonologist (D:6)
  A slime creature (D:7)
  A shadow (D:7)
  Sigmund (D:3)
  A vampire mosquito (D:7)
  3 water moccasins (D:6)
  Purgy (D:3)
  5 ogres
  2 necrophages
  2 sky beasts
  3 centaurs (D:7)
  A lemure (D:6)
  2 kobold brigands (D:3)
  3 bullfrogs (D:7)
  A scorpion (D:5)
  A water moccasin zombie (D:4)
  A water moccasin skeleton (D:5)
  A howler monkey (D:7)
  A bullfrog zombie (D:6)
  2 centaur zombies
  4 hounds
  2 orc priests (D:6)
  3 centaur skeletons (D:7)
  Jessica (D:3)
  2 iguanas
  Natasha (D:3)
  3 orc wizards
  3 hound zombies
  A hound skeleton (D:5)
  Robin (D:3)
  8 adders
  6 gnolls
  A shadow imp (D:7)
  An ufetubus (D:5)
  An adder skeleton (D:4)
  2 worms
  The ghost of glosham the Magician, a weakling DjEn (D:4)
  3 dart slugs
  13 orcs
  A bat (D:2)
  3 endoplasms (D:4)
  A giant cockroach (D:1)
  18 goblins
  6 hobgoblins (D:3)
  6 quokkas
  6 ball pythons
  5 frilled lizards
  20 kobolds
  9 rats
171 creatures vanquished.

Notes
Turn   | Place    | Note
-------+----------+-------------------------------------------
     0 | D:1      | Malachi the Troll Venom Mage began the quest for the Orb.
     0 | D:1      | Reached XP level 1. HP: 16/16 MP: 1/1
    49 | D:1      | Reached skill level 1 in Unarmed Combat
   144 | D:1      | Reached XP level 2. HP: 24/24 MP: 2/2
   216 | D:1      | Found a faded altar of an unknown god.
   664 | D:2      | Reached XP level 3. HP: 31/31 MP: 3/3
   696 | D:2      | Noticed an ogre
   741 | D:2      | Killed an ogre
   742 | D:2      | Reached XP level 4. HP: 39/39 MP: 0/4
   966 | D:2      | You fall into a shaft and drop 2 floors!
   980 | D:4      | Reached XP level 5. HP: 43/45 MP: 1/5
  1032 | D:4      | Reached skill level 5 in Unarmed Combat
  1088 | D:4      | Found a runed translucent gate.
  1088 | D:4      | Found a runed translucent gate.
  1088 | D:4      | Found a runed translucent gate.
  1088 | D:4      | Noticed glosham's ghost (weakling DjEn)
  1090 | D:4      | Found a basalt altar of Yredelemnul.
  1124 | D:4      | Killed glosham's ghost
  1183 | D:4      | Found a staircase to the Ecumenical Temple.
  1205 | D:4      | Reached XP level 6. HP: 51/53 MP: 6/6
  1210 | Temple   | Entered the Ecumenical Temple
  1469 | Temple   | Became a worshipper of Vehumet
  1540 | D:4      | Found a runed translucent gate.
  1671 | D:4      | Found a runed translucent gate.
  1671 | D:4      | Found a runed translucent gate.
  1673 | D:4      | Noticed Quickbrownfox's ghost (amateur DsIE)
  1870 | D:4      | Noticed a moth of wrath
  1878 | D:4      | Found a bloodstained altar of Trog.
  2101 | D:3      | Noticed Robin
  2117 | D:3      | Killed Robin
  2163 | D:3      | Noticed Jessica
  2169 | D:3      | Killed Jessica
  2169 | D:3      | Reached * piety under Vehumet
  2169 | D:3      | Offered knowledge of Foxfire by Vehumet.
  2223 | D:3      | Noticed Sigmund
  2263 | D:3      | Killed Sigmund
  2327 | D:3      | Reached XP level 7. HP: 59/59 MP: 7/7
  2398 | D:3      | Noticed Purgy
  2420 | D:3      | Killed Purgy
  2482 | D:3      | Reached skill level 8 in Poison Magic
  2482 | D:3      | Reached XP level 8. HP: 67/67 MP: 7/14
  2488 | D:3      | Learned a level 4 spell: Olgreb's Toxic Radiance
  2493 | D:3      | Learned a level 3 spell: Mephitic Cloud
  2703 | D:3      | Found an ornate altar of the Wu Jian Council.
  2705 | D:3      | Found a burning altar of Makhleb.
  2706 | D:3      | Found a shadowy altar of Dithmenos.
  2707 | D:3      | Noticed Natasha
  2720 | D:3      | Killed Natasha
  2912 | D:3      | Found Bobola's Jewellery Emporium.
  3568 | D:2      | Identified a scroll of acquirement
  3568 | D:2      | Acquired a staff of poison
  3637 | D:5      | Entered Level 5 of the Dungeon
  3943 | D:5      | Reached ** piety under Vehumet
  3983 | D:5      | Offered knowledge of Sandblast by Vehumet.
  4233 | D:5      | Reached skill level 5 in Spellcasting
  4391 | D:5      | Found a glowing silver altar of Zin.
  4391 | D:5      | Found a glowing golden altar of the Shining One.
  4391 | D:5      | Found a white marble altar of Elyvilon.
  4588 | D:6      | Reached XP level 9. HP: 35/74 MP: 8/15
  4712 | D:6      | Reached skill level 9 in Poison Magic
  4767 | D:6      | Noticed a kobold demonologist
  4776 | D:6      | Killed a kobold demonologist
  4849 | D:6      | Offered knowledge of Frozen Ramparts by Vehumet.
  4956 | D:6      | Found an ancient bone altar of Kikubaaqudgha.
  5018 | D:6      | Noticed Pikel
  5026 | D:6      | Killed Pikel
  5274 | D:6      | Found a hazy altar of Hepliaklqana.
  5355 | D:6      | Found a sacrificial altar of Ru.
  5413 | D:7      | Reached *** piety under Vehumet
  5463 | D:7      | Noticed a boulder beetle
  5472 | D:7      | Killed a boulder beetle
  5473 | D:7      | Reached skill level 10 in Poison Magic
  5473 | D:7      | Reached skill level 1 in Conjurations
  5473 | D:7      | Reached skill level 1 in Air Magic
  5473 | D:7      | Reached XP level 10. HP: 71/81 MP: 9/16
  5479 | D:7      | Learned a level 5 spell: Freezing Cloud
  5616 | D:7      | Noticed a purple ugly thing
  5622 | D:7      | Noticed a cyan ugly thing
  5627 | D:7      | Noticed a cyclops
  5630 | D:7      | Killed a purple ugly thing
  5652 | D:7      | Killed a purple ugly thing
  5879 | D:7      | Found a flagged portal.
  5909 | D:7      | Offered knowledge of Ignite Poison by Vehumet.
  5945 | D:7      | Learned a level 3 spell: Ignite Poison
  6198 | D:7      | Noticed a five-headed hydra
  6230 | D:7      | Noticed a two-headed ogre
  6364 | D:7      | Killed a five-headed hydra
  6440 | D:7      | Slain by a vampire

Illustrated notes

Levels and vault maps discovered:
D:1:      ebering_trefoil_twist, layout_loops_ring,
          chequers_ecumenical_altar_island
D:2:      layout_rooms
D:3:      cheibrodos_thug_alley, layout_basic, grunt_temple_overflow_open,
          serial_shops, nicolae_diamond_shop, kennysheep_jessica_study,
          uniq_purgy, uniq_natasha, uniq_sigmund, uniq_robin
D:4:      layout_basic, nicolae_yredelemnul_ghost_church, tgw_trog,
          minmay_temple_entry_arrows, ebering_ghost_rock_garden
D:5:      layout_loops_ring, good_gods_mini_temple
D:6:      layout_basic, mainiacjoe_overflow_surrounded_room,
          mainiacjoe_overflow_swirl, minmay_starry_boxes, uniq_pikel
D:7:      minmay_the_grid_octo_tiled_squarecenter [minmay_the_grid_octo_teeth,
          minmay_the_grid_octo_concentric, minmay_the_grid_octo_tetromino_candy,
          minmay_the_grid_octo_toaster,
          minmay_the_grid_square_5x5_megaprize_open,
          minmay_the_grid_square_5x5_empty, minmay_the_grid_square_5x5_bridge,
          minmay_the_grid_square_5x5_six_small, minmay_the_grid_square_5x5_n],
          layout_basic, lightli_bailey_entry_fortress, uniq_harold
D:8:      layout_rooms
Temple:   compressed_dpeg_triangle_lava_temple

Skill      XL: |  1  2  3  4  5  6  7  8  9 10 |
---------------+-------------------------------+-----
Unarmed Combat | 1 2 4 5 7 8 |  8.2
Spellcasting   | 4 5 |  5.0
Poison Magic   | 8 10 | 10.0
Conjurations   | 1 3 |  3.0
Air Magic      | 1 2 |  2.7
Dodging        | |  1.5
Stealth        | |  1.0
Transmutations | |  0.6

Action                   |  1- 3 |  4- 6 |  7- 9 | 10-12 || total
-------------------------+-------+-------+-------+-------++-------
Melee: Unarmed           |    45 |   121 |   210 |    98 ||   474
       Punch             |       |     1 |     5 |     3 ||     9
       Staff             |       |       |    19 |       ||    19
 Cast: Sting             |     5 |    18 |    12 |     1 ||    36
       Olgreb's Toxic Ra |       |       |    20 |    15 ||    35
       Mephitic Cloud    |       |       |     1 |       ||     1
       Freezing Cloud    |       |       |       |     4 ||     4
Evoke: Wand              |       |       |       |    11 ||    11
  Use: Scroll            |       |       |     9 |       ||     9
       Potion            |       |       |     1 |       ||     1
 Stab: Sleeping          |       |     1 |       |       ||     1
       Confused          |       |       |     1 |       ||     1
Armor: Robe              |    15 |    35 |    13 |       ||    63
       Troll leather arm |       |       |    68 |    71 ||   139
Dodge: Dodged            |    21 |    44 |   113 |   155 ||   333
